 Dungeon Crawl Stone Soup version 0.30-b1-2-g02819fbbbe (webtiles) character file.

Game seed: 15056560784593574613

12 Alarkh the Charlatan (level 2, 22/22 HPs)
             Began as a Demonspawn Artificer on July 11, 2023.
             Got out of the dungeon alive.
             The game lasted 00:00:24 (451 turns).

Alarkh the Charlatan (Demonspawn Artificer)          Turns: 451, Time: 00:00:25

Health: 22/22      AC:  5    Str: 12    XL:     2   Next: 20%
Magic:  2/2        EV: 11    Int: 12    God:
Gold:   13         SH:  0    Dex: 13    Spells: 1/1 levels left

rFire   . . .        a - +0 club
rCold   . . .        (no shield)
rNeg    . . .        b - +0 leather armour
rPois   .            (no helmet)
rElec   .            (no cloak)
rCorr   .            (no gloves)
SInv    .            (no boots)
Will    .....        (no amulet)
Stlth   +            (no ring)
HPRegen 0.23/turn    (no ring)
MPRegen 0.08/turn

%: no passive effects
@: no status effects
A: slimy green scales 1
a: no special abilities


You escaped.
You visited 1 branch of the dungeon, and saw 1 of its levels.

You collected 13 gold pieces.

Inventory:

Hand Weapons
 a - a +0 club (weapon)
Armour
 b - a +0 leather armour (worn)
Wands
 c - a wand of flame (14) (quivered)
 d - a wand of charming (15)
 e - a wand of iceblast (5)
Scrolls
 h - a scroll of enchant armour {unknown}
Potions
 f - a potion of resistance {unknown}
 g - a potion of haste {unknown}


   Skills:
 + Level 2.3 Fighting
 - Level 1.7 Armour
 - Level 0.8 Dodging
 - Level 0.8 Stealth
 - Level 3.0 Evocations


You had one spell level left.
You didn't know any spells.
Your spell library was empty.

Dungeon Overview and Level Annotations

Branches:
Dungeon (1/15)

Altars:


Innate Abilities, Weirdness & Mutations

You are partially covered in slimy green scales. (AC +2)


Message History

The dart slug bites you but does no damage.
You hit the dart slug.
You kill the dart slug!
No target in view!
No target in view!
No target in view!
No target in view!
No target in view!
No target in view!
No target in view!
You now have 13 gold pieces (gained 6).
A frilled lizard comes into view.
The frilled lizard hisses angrily.
You hit the frilled lizard.
You kill the frilled lizard!
No target in view!
No target in view!
No target in view!
Aiming: Throw Flame
Press: ? - help, Q - select action, (/) - cycle Shift-Dir - straight line, f - you That beam is likely to hit you.
Continue anyway? [Y]es or [N]o only, please.
That beam is likely to hit you.
Continue anyway? [Y]es or [N]o only, please.
That beam is likely to hit you.
Continue anyway?
Okay, then.
Unknown command.
Sorry, you're not good enough to have a special ability.
Unknown command.
Unknown command.
Unknown command.
Unknown command.
Unknown command.
You see here a +0 club.
There is an open door here.
There is an open door here.
You see here a +0 spear.
There is a staircase leading out of the dungeon here.
Are you sure you want to leave the Dungeon?
This will make you lose the game!
You have escaped!

###.###.######## #.
#..............## ##
##..##########..###...
#..# #.......#
#..#########.......#
#..##.....'........#
#####..#.)##......##
#..#..#####+###
#..@..# #.....#
#######


There were no monsters in sight!

Vanquished Creatures
  A dart slug (D:1)
  A bat (D:1)
  An endoplasm (D:1)
  2 hobgoblins (D:1)
  A quokka (D:1)
  A ball python (D:1)
  2 frilled lizards (D:1)
  A goblin (D:1)
10 creatures vanquished.

Notes
Turn   | Place    | Note
-------+----------+-------------------------------------------
     0 | D:1      | Alarkh the Demonspawn Artificer began the quest for the
                  | Orb.
     0 | D:1      | Reached XP level 1. HP: 15/15 MP: 1/1
   291 | D:1      | Gained mutation: You are partially covered in slimy green
                  | scales. (AC +2) [demonic ancestry]
   291 | D:1      | Reached XP level 2. HP: 17/22 MP: 2/2
   451 | D:$      | Got out of the dungeon alive.

Illustrated notes

Levels and vault maps discovered:
D:1:      dpeg_arrival_rooms_b, layout_basic, serial_shops,
          nicolae_shop_tiny_waterfront

Skill      XL: |  1 |
---------------+----+-----
Fighting       | 2 |  2.3
Armour         | |  1.7
Dodging        | |  0.8
Stealth        | |  0.8
Evocations     | |  3.0

Action                     || total
---------------------------++-------
  Melee: Club              ||    34
  Evoke: Wand              ||     1
   Stab: Sleeping          ||     1
 Armour: Leather armour    ||     9
  Dodge: Dodged            ||    27
